Map: Terraform LE (Void)

Players

Abelian

  • Race: Terran Terran
  • League: Silver

Javert - Winner!

  • Race: Zerg Zerg
  • League: Grandmaster

VOD

Have the link to the VOD?

Description

Time

  • Played on: Sept. 19, 2015, 8:33 p.m.
  • Length: 8:04
Show
View Real Time Build Order
Export as new Build Order

Abelian Terran 

Build Orders: Command Center First (CC) 

Get SALT Encoding   

  12  0:01  SCV  
  13  0:13  SCV  
  14  0:17  Supply Depot  
  14  0:25  SCV  
  15  0:39  SCV  
  16  0:51  SCV  
  17  1:01  Command Center  
  17  1:04  SCV  
  17  1:09  Refinery  
  18  1:17  SCV  
  19  1:23  Barracks  
  19  1:29  SCV  
  20  1:41  SCV  
  20  1:42  Refinery  
  21  1:53  SCV  
  23  2:10  Marine, Orbital Command  
  23  2:13  Orbital Command  
  23  2:17  Bunker  
  23  2:24  Factory  
  23  2:29  Barracks Tech Lab  
  23  2:39  SCV  
  23  2:40  SCV  
  25  2:49  Supply Depot  
  25  2:51  SCV  
  25  2:52  SCV  
  27  3:01  Marine  
  27  3:03  SCV  
  25  3:22  SCV x2  
  26  3:35  Widow Mine  
  26  3:37  Marine  
  26  3:40  SCV  
  30  3:43  SCV  
  30  3:44  Engineering Bay  
  30  3:46  Supply Depot  
  31  3:49  Supply Depot  
  31  3:52  SCV  
  31  3:55  SCV  
  33  3:59  Armory  
  33  4:01  Marine  
  33  4:02  Starport  
  34  4:04  SCV  
  34  4:07  SCV  
  36  4:11  Widow Mine  
  36  4:16  SCV  
  39  4:21  SCV  
  40  4:25  Marine  
  40  4:28  SCV  
  42  4:33  SCV  
  42  4:34  Command Center  
  42  4:38  Terran Infantry Weapons Level 1  
  43  4:40  SCV  
  43  4:41  Medivac  
  43  4:43  Widow Mine  
  43  4:45  SCV, Marine  
  48  4:52  SCV  
  51  4:57  SCV  
  52  5:01  Barracks  
  52  5:03  Barracks  
  52  5:04  SCV, Drilling Claws  
  52  5:05  Barracks  
  53  5:10  SCV  
  54  5:16  SCV  
  54  5:18  Widow Mine  
  57  5:22  Marine  
  57  5:25  Starport Reactor  
  58  5:38  SCV x2  
  58  5:41  Marine  
  61  5:49  Orbital Command  
  61  5:54  Marine  
  61  5:55  Marine x2  
  64  5:58  Marine  
  65  6:06  Medivac x2  
  69  6:12  SCV x2, Marine  
  69  6:14  Engineering Bay  
  72  6:19  Marine  
  72  6:20  Marine  
  75  6:30  Marine  
  75  6:31  SCV x2  
  77  6:35  Armory  
  77  6:37  Factory Reactor  
  77  7:14  Marine x2  
  80  7:20  SCV x2  
  81  7:23  Factory Reactor  
  81  7:24  Barracks x2  
  81  7:28  Barracks  
  81  7:29  Barracks  
  71  7:38  Marine x6  
Show
View Real Time Build Order
Export as new Build Order

Javert Zerg - Winner!

Build Orders: Hatch First, Muta Ling Bane 

Get SALT Encoding   

  12  0:01  Drone  
  13  0:14  Overlord  
  13  0:18  Drone  
  14  0:32  Drone x2  
  16  0:37  Drone  
  17  0:54  Hatchery  
  17  0:55  Drone  
  17  1:02  Drone, Extractor  
  17  1:12  Drone  
  18  1:21  Spawning Pool  
  18  1:25  Drone  
  18  1:31  Drone  
  19  1:40  Drone  
  20  1:55  Drone  
  21  2:07  Metabolic Boost  
  21  2:08  Queen  
  21  2:09  Queen  
  21  2:12  Overlord  
  25  2:16  Zergling x4  
  27  2:38  Drone x2  
  27  2:39  Drone  
  27  2:42  Hatchery, Drone  
  30  2:53  Drone x3  
  33  3:19  Drone x3  
  35  3:20  Overlord x2  
  35  3:31  Drone x2  
  36  3:37  Overlord  
  36  3:38  Queen  
  36  3:39  Overlord  
  38  3:42  Drone  
  38  3:43  Drone x3  
  38  3:47  Drone  
  43  3:57  Queen  
  43  4:02  Drone  
  46  4:03  Drone x8  
  54  4:11  Lair  
  54  4:12  Extractor  
  53  4:21  Baneling Nest  
  53  4:23  Drone x6  
  58  4:28  Overlord x2  
  58  4:39  Evolution Chamber  
  58  4:43  Evolution Chamber  
  56  4:47  Zergling x18  
  65  4:54  Drone x2  
  67  5:00  Drone x2  
  67  5:03  Extractor  
  67  5:04  Extractor  
  67  5:07  Zerg Ground Armor Level 1  
  67  5:08  Centrifical Hooks  
  67  5:13  Drone  
  67  5:14  Drone x9  
  75  5:32  Drone x3  
  75  5:33  Drone x5  
  81  5:45  Overlord x2  
  81  5:48  Extractor  
  81  5:49  Extractor  
  79  5:55  Spire  
  79  5:57  Drone x5  
  80  5:59  Drone x5  
  88  6:13  Overseer  
  88  6:17  Overlord x4  
  88  6:30  Overlord x2  
  88  6:36  Overlord x2  
  80  6:47  Overseer x2  
  72  6:56  Spore Crawler  
  72  6:59  Spore Crawler  
  70  7:05  Spore Crawler  
  70  7:07  Mutalisk x10  
  89  7:19  Baneling  
  89  7:20  Baneling x7  
  89  7:29  Mutalisk  
  91  7:43  Drone x5  
  91  7:44  Drone x13  
Tags
 
Add a new tag
Caveats
  • Supply blocks, unpowered buildings, or Contaminate may cause inaccurate times.
  • Supply counts are checked every 10 seconds.